 Dungeon Crawl Stone Soup version 0.19.5 (webtiles) character file.

21796 BugsBunnySan the Ripper (level 12, 0/72 HPs)
             Began as a Felid Berserker on Mar 22, 2017.
             Was a Priest of Trog.
             Killed from afar by a rime drake (14 damage)
             ... with a flash freeze
             ... on level 6 of the Lair of Beasts.
             The game lasted 00:53:33 (23177 turns).

BugsBunnySan the Ripper (Felid Berserker)          Turns: 23177, Time: 00:53:34

Health: 0/72       AC:  3    Str: 16    XL:     12   Next: 57%
Magic:  22/22      EV: 34    Int:  8    God:    Trog [***...]
Gold:   983        SH:  3    Dex: 21    Spells: 0 memorised, 11 levels left
                                        Lives:  0   Deaths: 2

rFire  + . .     SeeInvis +       - Unarmed
rCold  + . .     Gourm    .     (armour unavailable)
rNeg   . . .     Faith    .     (shield unavailable)
rPois  .         Spirit   .     (helmet unavailable)
rElec  .         Reflect  +     (cloak unavailable)
rCorr  .         Harm     .     (gloves unavailable)
MR     +++..                    (boots unavailable)
Stlth  ..........               v - +3 amulet of reflection
                                (no ring)
                                t - ring "Zexi" {+Fly rF+ MP+9 Str-2 Dex+2}

@: berserking, regenerating, very quick
A: no armour, no weapons or thrown items, stealth, antennae 1, claws 1, fangs 3,
see invisible, blink, carnivore 3, clumsy 1, speed 1, shaggy fur 3, slow
metabolism 1, wild magic 1, sharp paws
a: Blink, Berserk, Trog's Hand, Burn Spellbooks, Renounce Religion, Evoke Flight


You were on level 6 of the Lair of Beasts.
You worshipped Trog.
Trog was most pleased with you.
You were very full.

You visited 3 branches of the dungeon, and saw 16 of its levels.
You also visited: Labyrinth, Ice Cave and Volcano.

You collected 983 gold pieces.

Inventory:

Jewellery
 d - the ring "Ixaufat" {*Drain +Fly rPois rF- EV+2}
   (You acquired it in an ice cave)

   [ring of evasion]

   It affects your evasion (+2).
   It makes you vulnerable to fire.
   It protects you from poison.
   It lets you fly.
   It causes draining when unequipped.
 i - an uncursed ring of protection from magic
 m - an uncursed ring of protection from cold
 t - the ring "Zexi" (left paw) {+Fly rF+ MP+9 Str-2 Dex+2}
   (You acquired it on level 1 of the Lair of Beasts)

   [ring of flight]

   It affects your strength (-2).
   It affects your dexterity (+2).
   It protects you from fire.
   It affects your magic capacity (+9).
   It lets you fly.
 v - a +3 amulet of reflection (around neck)
 w - the ring "Syiluamoo" {rPois rC+ Dex-4 SInv}
   (You acquired it on level 1 of the Lair of Beasts)

   [ring of poison resistance]

   It affects your dexterity (-4).
   It protects you from cold.
   It protects you from poison.
   It lets you see invisible.
Wands
 o - a wand of polymorph (6/24)
 r - a wand of confusion (28/48)
 B - a wand of slowing (24/48)
 E - a wand of confusion (33/48)
 F - a wand of confusion (17/48)
 I - a wand of acid (7/15)
 K - a wand of disintegration (10/24)
 L - a wand of polymorph (8/24)
 N - a wand of paralysis (12/24)
 O - a wand of digging (13/24)
Scrolls
 b - 4 scrolls of magic mapping {unknown}
 c - 11 scrolls of remove curse
 f - 3 scrolls of amnesia {unknown}
 k - a scroll of identify
 l - 3 scrolls of recharging {unknown}
 p - 3 scrolls of teleportation
 u - a scroll of immolation
 y - a scroll of enchant weapon {unknown}
 M - a scroll of fog {unknown}
Potions
 e - 2 potions of ambrosia
 g - 3 potions of agility
 h - 4 potions of haste
 j - 4 potions of curing
 n - a potion of resistance {unknown}
 q - 3 potions of flight
 s - 4 potions of magic {unknown}
 A - a potion of might {unknown}
 C - 2 potions of invisibility
 G - a potion of brilliance
 H - 2 potions of berserk rage {unknown}
Books
 D - a book of Conjurations

   Spells                             Type                      Level
   a - Magic Dart                     Conjuration                  1
   b - Searing Ray                    Conjuration                  2
   c - Dazzling Spray                 Conjuration/Hexes            3
   d - Fulminant Prism                Conjuration/Hexes            4
   e - Iskenderun's Mystic Blast      Conjuration                  4
   f - Iskenderun's Battlesphere      Conjuration/Charms           5
   Trog disapproves of the use of such an item.
Comestibles
 a - 8 meat rations
 z - 2 beef jerkies
 J - a slice of pizza


   Skills:
 - Level 3.0 Fighting
 + Level 16.1 Dodging
 + Level 13.7 Stealth
 * Level 18.0 Unarmed Combat


You had 11 spell levels left.
You didn't know any spells.

Dungeon Overview and Level Annotations

Branches:
Dungeon (9/15)             Temple (1/1) D:7            Lair (6/6) D:9
 Shoals (0/4) Lair:3       Spider (0/4) Lair:4        Slime (0/5) Lair:6
    Orc (0/2) D:9

Altars:
Ashenzari
Cheibriados
Dithmenos
Elyvilon
Fedhas
Gozag
Hepliaklqana
Kikubaaqudgha
Makhleb
Nemelex Xobeh
Okawaru
Qazlal
Ru
Sif Muna
Trog
Uskayaw
Vehumet
Xom
Yredelemnul
Zin
The Shining One
Jiyva

Shops:
D:7 [


Innate Abilities, Weirdness & Mutations

You cannot wear armour.
You are incapable of wielding weapons or throwing items.
Your paws allow you to move quietly. (Stealth)
You have sharp claws.
You have razor-sharp teeth.
You have supernaturally acute eyesight. (SInv)
You are carnivorous and can eat meat at any time.
You cover ground quickly.
Your thick and shaggy fur keeps you warm. (AC +3, rC+)
You have a slow metabolism.
Your sharp claws are effective at attacking unaware monsters.
You have a pair of small antennae on your head.
You can translocate small distances at will.
You are clumsy. (Dex -2)
Your spells are a little harder to cast, but a little more powerful.


Message History

Your skin stops crawling.
You feel less resistant to hostile enchantments.
The rime drake breathes ice at you. The flash freeze misses you.
A spiny frog comes into view.
The rime drake misses you. The rime drake breathes ice at you.
The flash freeze misses you. The rime drake breathes ice at you.
The flash freeze hits you! You partially resist.
* * * LOW HITPOINT WARNING * * *
You are encased in ice.
Your skin crawls.
You feel resistant to hostile enchantments.
The ice encasing you melts away.
A red film seems to cover your vision as you go berserk!
You feel yourself moving faster!
You feel mighty!
You feel a lot less full. The rime drake breathes ice at you.
The flash freeze hits you! You partially resist.
You die...

....8...............##
.....................##
......................##
.......................#
......................##
......................#
............Y........##
......................#
..............k.@.....#
....###F.....รท........##
#.####....PP####.P.....#
.#.###P...######.#....##
#...###..#.#.P##...#..#
....P#.....Y.Y...P....##
....###.)........##..#.#
#.#####..........#PP..##
####.#...............##


You could see a death yak and a rime drake.

Vanquished Creatures
  Gastronok (Lair:3)
  Kirke (Lair:4)
  A minotaur (Lab)
  Josephine (Lair:5)
  2 catoblepae
  4 hydras
  14 death yaks
  The ghost of murphvienna the Cleaver, a novice MiBe of Trog (Volcano)
  A necromancer (IceCv)
  An orc sorcerer (Volcano)
  6 black mambas
  A smoke demon (Volcano)
  2 ice statues (IceCv)
  6 spiny frogs
  3 komodo dragons
  9 ice devils (IceCv)
  2 rime drakes (Lair:2)
  8 polar bears
  3 red devils (Volcano)
  3 jumping spiders (Lair:4)
  A two-headed ogre (D:9)
  19 blink frogs
  5 dream sheep (Lair:5)
  14 hippogriffs
  4 redbacks (Lair:4)
  5 wraiths (Lair:5)
  A wyvern (Lair:6)
  A hog (Lair:4)
  2 basilisks
  27 yaks
  A hill giant zombie (D:9)
  2 hungry ghosts (D:9)
  10 water moccasins
  5 hell hounds
  9 porcupines
  6 black bears (Lair:1)
  2 orc warriors
  An eye of draining (D:8)
  7 ogres
  2 centaurs
  2 phantoms
  6 crocodiles
  13 bullfrogs
  A big kobold (D:9)
  A wyvern skeleton (D:6)
  3 wights (D:6)
  An electric eel (Lair:1)
  3 howler monkeys
  3 crimson imps
  The ghost of ghwc the Conjurer, a weakling HEWz (D:4)
  A centaur zombie (D:6)
  A draconian simulacrum (IceCv)
  3 jellies
  A quasit (D:8)
  A centaur skeleton (D:9)
  5 orc priests
  5 hounds
  An iguana (D:6)
  8 orc wizards
  5 worker ants
  3 troll simulacra (IceCv)
  2 spriggan simulacra (IceCv)
  6 ogre zombies (D:9)
  2 centaur simulacra (IceCv)
  A hound skeleton (D:9)
  A worker ant zombie (D:9)
  14 adders
  4 gnolls (D:4)
  2 naga simulacra (IceCv)
  4 shadow imps
  An ooze (D:1)
  An adder skeleton (D:7)
  3 worms
  2 dart slugs
  3 leopard geckos
  29 orcs
  A ball python (D:2)
  4 bats
  6 giant cockroaches
  3 goblins
  9 hobgoblins
  14 jackals
  5 quokkas
  6 frilled lizards
  2 goblin skeletons (D:9)
  2 goblin zombies (D:9)
  2 hobgoblin zombies (D:9)
  A jackal skeleton (D:4)
  13 kobolds
  A leopard gecko skeleton (D:5)
  4 orc skeletons (D:9)
  14 orc zombies (D:9)
  19 rats
  9 fungi
  5 plants
457 creatures vanquished.

Vanquished Creatures (others)
  A redback (Lair:4)
  4 humans (Lair:4)
  6 fungi
  12 plants
23 creatures vanquished.

Grand Total: 480 creatures vanquished

Notes
Turn   | Place    | Note
-------+----------+-------------------------------------------
     0 | D:1      | BugsBunnySan the Felid Berserker began the quest for the Orb.
     0 | D:1      | Reached XP level 1. HP: 10/10 MP: 2/2
   137 | D:1      | Reached XP level 2. HP: 14/14 MP: 3/3
   597 | D:1      | Reached skill level 1 in Stealth
   683 | D:1      | Reached ** piety under Trog
   923 | D:1      | Reached skill level 5 in Dodging
   927 | D:1      | Reached XP level 3. HP: 17/17 MP: 4/4
  1590 | D:2      | Reached XP level 4. HP: 19/21 MP: 5/5
  2181 | D:3      | Reached skill level 4 in Unarmed Combat
  2462 | D:3      | Reached XP level 5. HP: 24/24 MP: 6/6
  2586 | D:3      | Found a stormy altar of Qazlal.
  2627 | D:3      | Reached *** piety under Trog
  2784 | D:3      | Found a sacrificial altar of Ru.
  2850 | D:3      | Found an ancient bone altar of Kikubaaqudgha.
  2852 | D:3      | Found a snail-covered altar of Cheibriados.
  2865 | D:3      | Found a hazy altar of Hepliaklqana.
  3565 | D:4      | Noticed ghwc's ghost (weakling HEWz)
  3574 | D:4      | Killed ghwc's ghost
  3722 | D:4      | Noticed an ogre
  3726 | D:4      | Killed an ogre
  3726 | D:4      | Gained mutation: You are covered in thick fur. (AC +2) [Felid growth]
  3726 | D:4      | Reached XP level 6. HP: 28/28 MP: 7/7
  3915 | D:4      | Reached skill level 5 in Unarmed Combat
  4493 | D:4      | Reached XP level 7. HP: 31/31 MP: 8/8
  5055 | D:4      | Reached skill level 5 in Stealth
  5085 | D:4      | Reached skill level 6 in Unarmed Combat
  5339 | D:5      | Entered Level 5 of the Dungeon
  5905 | D:6      | Found a shattered altar of Ashenzari.
  5953 | D:6      | Reached XP level 8. HP: 34/34 MP: 9/9
  6022 | D:6      | Reached skill level 7 in Unarmed Combat
  6678 | D:6      | Reached skill level 8 in Unarmed Combat
  6742 | D:6      | Found a sparkling altar of Nemelex Xobeh.
  6743 | D:6      | Found an opulent altar of Gozag.
  7007 | D:7      | Found a staircase to the Ecumenical Temple.
  7143 | D:7      | Reached **** piety under Trog
  7285 | D:7      | Found a basalt altar of Yredelemnul.
  7589 | D:7      | Reached XP level 9. HP: 37/37 MP: 10/10
  7685 | D:7      | Found a burning altar of Makhleb.
  7701 | D:7      | Found Detho's Antique Armour Emporium.
  7753 | D:7      | Reached skill level 10 in Dodging
  7911 | D:7      | Reached skill level 9 in Unarmed Combat
  8103 | D:8      | Found a glowing silver altar of Zin.
  8104 | D:8      | Found a burning altar of Makhleb.
  8104 | D:8      | Found an iron altar of Okawaru.
  9408 | D:9      | Reached skill level 10 in Unarmed Combat
  9500 | D:9      | Found a staircase to the Orcish Mines.
  9900 | D:9      | Found a staircase to the Lair.
 10076 | D:9      | Reached XP level 10. HP: 42/42 MP: 11/11
 10559 | Temple   | Entered the Ecumenical Temple
 10955 | Temple   | Gained mutation: You can translocate small distances at will. [potion of mutation]
 10955 | Temple   | Gained mutation: Your skin changes colour to match your surroundings (Stealth+). [potion of mutation]
 10955 | Temple   | Lost mutation: Your skin changes colour to match your surroundings (Stealth+). [potion of mutation]
 10956 | Temple   | Gained mutation: You are clumsy. (Dex -2) [potion of mutation]
 10956 | Temple   | Gained mutation: Your muscles are strong. (Str +2) [potion of mutation]
 10957 | Temple   | Gained mutation: You are dopey. (Int -2) [potion of mutation]
 11226 | Lair:1   | Entered Level 1 of the Lair of Beasts
 11254 | Lair:1   | Found a frozen archway.
 11263 | IceCv    | Entered an ice cave
 11296 | IceCv    | Reached skill level 11 in Unarmed Combat
 11811 | IceCv    | Noticed an ice statue
 11811 | IceCv    | Noticed an ice statue
 11978 | IceCv    | Killed an ice statue
 11978 | IceCv    | Reached skill level 12 in Unarmed Combat
 12050 | IceCv    | Killed an ice statue
 12096 | IceCv    | Identified a scroll of acquirement
 12098 | IceCv    | Got a faintly glowing copper ring
 12099 | IceCv    | Identified the ring "Ixaufat" {*Drain +Fly rPois rF- EV+2} (You acquired it in an ice cave)
 12797 | IceCv    | Noticed a necromancer
 12802 | IceCv    | Killed a necromancer
 12802 | IceCv    | Reached skill level 10 in Stealth
 12802 | IceCv    | Reached XP level 11. HP: 45/45 MP: 12/12
 12935 | Lair:1   | Lost mutation: Your muscles are strong. (Str +2) [potion of mutation]
 12936 | Lair:1   | Gained mutation: Your spells are a little harder to cast, but a little more powerful. [potion of mutation]
 12936 | Lair:1   | Gained mutation: You have a pair of small antennae on your head. [potion of mutation]
 12936 | Lair:1   | Lost mutation: You are dopey. (Int -2) [potion of mutation]
 13397 | Lair:1   | Got a sparkling lead ring
 13397 | Lair:1   | Got a wavering steel ring
 13401 | Lair:1   | Identified the ring "Zexi" {+Fly rF+ MP+9 Str-2 Dex+2} (You acquired it on level 1 of the Lair of Beasts)
 13403 | Lair:1   | Identified the ring "Syiluamoo" {rPois rC+ Dex-4 SInv} (You acquired it on level 1 of the Lair of Beasts)
 13545 | Lair:1   | Reached skill level 13 in Unarmed Combat
 15081 | Lair:2   | Noticed a catoblepas
 15105 | Lair:2   | Killed a catoblepas
 15259 | Lair:2   | HP: 2/45 [crocodile (11)]
 15477 | Lair:2   | Reached skill level 14 in Unarmed Combat
 15503 | Lair:2   | Gained mutation: Your thick and shaggy fur keeps you warm. (AC +3, rC+) [Felid growth]
 15503 | Lair:2   | Reached XP level 12. HP: 48/48 MP: 13/13
 16093 | Lair:3   | Noticed Gastronok
 16097 | Lair:3   | Noticed a seven-headed hydra
 16213 | Lair:3   | Found a staircase to the Shoals.
 16272 | Lair:3   | Killed a seven-headed hydra
 16439 | Lair:3   | Killed Gastronok
 16454 | Lair:3   | Found a dark tunnel.
 16466 | Volcano  | Entered a volcano
 16500 | Volcano  | Noticed murphvienna's ghost (novice MiBe)
 16530 | Volcano  | Killed murphvienna's ghost
 16554 | Volcano  | Reached skill level 15 in Unarmed Combat
 18083 | Lair:4   | Found a hole to the Spider Nest.
 18460 | Lair:4   | Noticed a six-headed hydra
 18582 | Lair:4   | Killed a six-headed hydra
 18667 | Lair:4   | Reached skill level 15 in Dodging
 18683 | Lair:4   | Reached XP level 13. HP: 34/51 MP: 14/14
 18688 | Lair:4   | Noticed Kirke
 18771 | Lair:4   | Killed Kirke
 18771 | Lair:4   | Reached skill level 16 in Unarmed Combat
 19636 | Lair:5   | Noticed Josephine
 19649 | Lair:5   | HP: 1/76 [wraith[Josephine] (3)]
 19651 | Lair:5   | Killed Josephine
 19651 | Lair:5   | Slain by a wraith
 19652 | Lair:5   | Reached XP level 12. HP: -5/72 MP: 22/22
 19746 | Lair:5   | Found a labyrinth entrance.
 19754 | Lab      | Entered a labyrinth
 20886 | Lab      | Noticed a minotaur
 20897 | Lab      | Killed a minotaur
 21466 | Lair:5   | Noticed a death yak
 21467 | Lair:5   | Noticed a death yak
 21468 | Lair:5   | Noticed a death yak
 21469 | Lair:5   | Noticed a death yak
 21479 | Lair:5   | Noticed a death yak
 21482 | Lair:5   | Noticed a death yak
 21486 | Lair:5   | Killed a death yak
 21491 | Lair:5   | Killed a death yak
 21497 | Lair:5   | Killed a death yak
 21504 | Lair:5   | Killed a death yak
 21504 | Lair:5   | Reached skill level 17 in Unarmed Combat
 21509 | Lair:5   | Killed a death yak
 21519 | Lair:5   | Killed a death yak
 21519 | Lair:5   | Reached XP level 13. HP: 34/51 MP: 14/14
 21773 | Lair:6   | Entered Level 6 of the Lair of Beasts
 21884 | Lair:6   | Found a staircase to the Slime Pits.
 21884 | Lair:6   | Found a viscous altar of Jiyva.
 22684 | Lair:6   | Slain by a death yak
 22685 | Lair:6   | Reached XP level 12. HP: 0/72 MP: 22/22
 22766 | Lair:6   | Killed a death yak
 22766 | Lair:6   | Reached skill level 18 in Unarmed Combat
 22841 | Lair:6   | Killed a death yak
 23120 | Lair:6   | Noticed a death yak
 23120 | Lair:6   | Noticed a death yak
 23177 | Lair:6   | Killed from afar by a rime drake

Skill      XL: |  1  2  3  4  5  6  7  8  9 10 11 12 13 |
---------------+----------------------------------------+-----
Stealth        | 1 2 3 4 5 6 9 10 11 12 13 | 13.7
Dodging        | 5 6 7 8 9 11 12 13 16 | 16.1
Unarmed Combat | 4 5 6 8 10 12 14 18 16 | 18.0
Fighting       | |  3.0

Action                   |  1- 3 |  4- 6 |  7- 9 | 10-12 | 13-15 || total
-------------------------+-------+-------+-------+-------+-------++-------
Melee: Unarmed           |    97 |   156 |   401 |   846 |   179 ||  1679
       Bite              |     8 |    20 |    42 |   120 |    19 ||   209
       Punch             |     1 |     4 |    23 |    68 |    18 ||   114
Invok: Berserk           |     2 |     8 |    14 |    50 |     8 ||    82
       Trog's Hand       |       |     5 |     7 |    34 |    12 ||    58
       Brothers in Arms  |       |       |       |     1 |       ||     1
       Burn Spellbooks   |       |       |       |     1 |     1 ||     2
  Use: Scroll            |       |       |       |    24 |       ||    24
       Potion            |       |       |       |     6 |     1 ||     7
 Stab: Sleeping          |    10 |     7 |    19 |    29 |    13 ||    78
       Distracted        |     1 |       |     2 |     4 |     2 ||     9
  Eat: Chunk             |    11 |    13 |    26 |    79 |     8 ||   137
       Beef jerky        |       |       |     1 |       |       ||     1
       Royal jelly       |       |       |       |     2 |     1 ||     3
       Meat ration       |       |       |       |     2 |       ||     2
Armor: Skin              |     2 |    10 |     7 |    12 |     2 ||    33
Dodge: Dodged            |    83 |   191 |   286 |   576 |   170 ||  1306
Block: Other             |       |       |       |    59 |    20 ||    79
